 Dungeon Crawl Stone Soup version 0.17.1-1-g73c8601 (webtiles) character file.

106 JustSomeDude the Insei (level 4, -6/31 HPs)
             Began as a Demonspawn Monk on Dec 23, 2015.
             Mangled by Sigmund
             ... wielding a +0 scythe
              (12 damage)
             ... on level 3 of the Dungeon.
             The game lasted 00:05:08 (2291 turns).

JustSomeDude the Insei (Demonspawn Monk)            Turns: 2291, Time: 00:05:08

Health: -6/31      AC:  4    Str: 12    XL:     4   Next: 55%
Magic:  4/4        EV: 18    Int:  9    God:
Gold:   107        SH:  0    Dex: 21    Spells: 0 memorised, 3 levels left

rFire  . . .     SeeInvis .     j - +2 quarterstaff (chaos)
rCold  + . .     Rnd*Rage +     f - +2 ring mail {MR+}
rNeg   . . .     SustAt   .     (shield currently unavailable)
rPois  .         Gourm    .     (no helmet)
rElec  .         Spirit   .     (no cloak)
rCorr  .         Warding  .     (no gloves)
rMut   .         Stasis   .     (no boots)
MR     +....                    (no amulet)
Stlth  ++........               (no ring)
                                (no ring)

@: agile, very slightly contaminated, hasted, very quick, somewhat resistant to
hostile enchantments, unstealthy
A: hooves 2, berserk 1, cold resistance 1, deformed body, dopey 1, frail 1,
MP-powered wands
a: no special abilities


You were on level 3 of the Dungeon.
You were not hungry.

You visited 1 branch of the dungeon, and saw 3 of its levels.

You collected 107 gold pieces.

Inventory:

Hand Weapons
 j - a +2 quarterstaff of chaos (weapon)
 t - a +0 hand axe
 z - a +1 dagger of venom
Armour
 a - a +0 robe
 f - a +2 ring mail of magic resistance (worn)
 k - a +1 cloak
Jewellery
 u - an uncursed ring of positive energy
 w - an uncursed ring of magical power {unknown}
Wands
 h - a wand of fireball (6)
Scrolls
 e - a scroll of identify
 l - a scroll of remove curse
 n - 2 scrolls of recharging
Potions
 c - 2 potions of agility
Comestibles
 b - 5 bread rations
 d - a beef jerky
 g - 2 fruits
 m - a meat ration


   Skills:
 + Level 3.4 Fighting
 + Level 1.6 Armour
 + Level 3.4 Dodging
 + Level 1.9 Stealth
 + Level 4.2 Unarmed Combat


You had 3 spell levels left.
You didn't know any spells.

Dungeon Overview and Level Annotations

Branches:
Dungeon (3/15)

Altars:

Annotations:
D:3 Sigmund


Innate Abilities, Weirdness & Mutations

You have hoof-like feet.
Your flesh is cold resistant.
You tend to lose your temper in combat.
Armour fits poorly on your strangely shaped body.
You are dopey. (Int -2)
You are frail (-10% HP).
You expend magic power (3 MP) to strengthen your wands.


Message History

The giant gecko is almost dead.
The giant gecko bites you. Something hits you!
* * * LOW HITPOINT WARNING * * *
You are too injured to fight recklessly!
You are too injured to fight recklessly!
You are too injured to fight recklessly!
You are too injured to fight recklessly!
You are too injured to fight recklessly!
You are too injured to fight recklessly!
You are too injured to fight recklessly!
You are too injured to fight recklessly!
Drink which item? (? for menu, Esc to quit)
You feel yourself speed up. The giant gecko barely misses you.
You are very lightly contaminated with residual magic.
Drink which item? (? for menu, Esc to quit)
You feel agile all of a sudden. The giant gecko bites you.
* * * LOW HITPOINT WARNING * * *
Something hits you!
You die... #.†.# #..........# ##'## #......%... ♣.♣♣ ......... ♣♣.♣ ....... ♣.♣♣ ..... ♣♣.♣ .gS

♣♣.♣♣ #l#
♣♣...♣ #@#
♣....♣
###.######
#....#
#........#
#....#
#....!$..#
#...##
.##........#
##.##
#...).......#
#.#
####...#.####
#.# #....#.#
#.###
#.#....#
#....


You could see an adder, a giant gecko and a hobgoblin.

Vanquished Creatures
  Crazy Yiuf (D:3)
  3 adders
  An ooze (D:2)
  An orc (D:2)
  A ball python (D:2)
  10 goblins
  5 hobgoblins
  4 jackals (D:3)
  6 kobolds
  2 bats
  3 giant cockroaches
  2 giant newts
  2 quokkas
  4 rats
45 creatures vanquished.

Notes
Turn   | Place    | Note
--------------------------------------------------------------
     0 | D:1      | JustSomeDude the Demonspawn Monk began the quest for the Orb.
     0 | D:1      | Reached XP level 1. HP: 18/18 MP: 1/1
   950 | D:2      | Gained mutation: Your flesh is cold resistant. [demonic ancestry]
   950 | D:2      | Reached XP level 2. HP: 24/24 MP: 2/2
  1156 | D:2      | Reached skill level 4 in Unarmed Combat
  1377 | D:2      | Reached skill level 1 in Armour
  1377 | D:2      | Reached XP level 3. HP: 13/29 MP: 3/3
  1980 | D:3      | Gained mutation: You have large cloven feet. [demonic ancestry]
  1980 | D:3      | Reached XP level 4. HP: 24/35 MP: 4/4
  2080 | D:3      | Gained mutation: You tend to lose your temper in combat. [potion of mutation]
  2080 | D:3      | Gained mutation: You are frail (-10% HP). [potion of mutation]
  2080 | D:3      | Gained mutation: You have hoof-like feet. [potion of mutation]
  2219 | D:3      | Noticed Crazy Yiuf
  2228 | D:3      | Killed Crazy Yiuf
  2232 | D:3      | Gained mutation: Armour fits poorly on your strangely shaped body. [potion of mutation]
  2232 | D:3      | Gained mutation: You expend magic power (3 MP) to strengthen your wands. [potion of mutation]
  2232 | D:3      | Gained mutation: You are dopey. (Int -2) [potion of mutation]
  2282 | D:3      | Noticed Sigmund
  2291 | D:3      | Mangled by Sigmund

Action                   |  1- 3 |  4- 6 || total
-------------------------+-------+-------++-------
Melee: Unarmed           |   120 |       ||   120
       Hand axe          |    21 |    18 ||    39
       Quarterstaff      |       |    12 ||    12
       Dagger            |       |     9 ||     9
  Use: Potion            |       |    11 ||    11
       Scroll            |       |     9 ||     9
 Stab: Paralysed         |       |     1 ||     1
       Sleeping          |       |     1 ||     1
  Eat: Chunk             |     2 |       ||     2
       Meat ration       |     1 |       ||     1
